 Dungeon Crawl Stone Soup version 0.29.0-4-gdea44cf6ec (webtiles) character file.

Game seed: 11462149349489494853

455 qw the Chopper (level 7, -12/54 HPs)
             Began as a Barachi Chaos Knight on Sept 4, 2022.
             Mangled by an ice devil (18 damage)
             ... summoned by Xom
             ... in the Ecumenical Temple.
             The game lasted 00:01:59 (4499 turns).

qw the Chopper (Barachi Chaos Knight)               Turns: 4499, Time: 00:01:59

Health: -12/54     AC: 17    Str: 15    XL:     7   Next: 5%
Magic:  7/7        EV: 11    Int: 11    God:
Gold:   230        SH:  0    Dex: 15    Spells: 6/6 levels left

rFire   . . .      SeeInvis .   Y - +2 hand axe (protect)
rCold   . . .      Faith    .   (no shield)
rNeg    . . .      Spirit   .   r - +0 chain mail
rPois   +          Reflect  .   (no helmet)
rElec   +          Harm     .   (no cloak)
rCorr   .          Rampage  .   (no gloves)
Will    .....                   n - +0 pair of boots
Stlth   ..........              (no amulet)
HPRegen 0.98/turn               e - ring of poison resistance
MPRegen 0.10/turn               l - +4 ring of evasion

@: spiked, under a protective aura, slow
A: amphibious, slowness 1, strong legs 1, +LOS, agile 1, regeneration 1,
electricity resistance, MP-powered wands
a: Hop


You were in the Ecumenical Temple.
You visited 2 branches of the dungeon, and saw 7 of its levels.

You collected 230 gold pieces.


Innate Abilities, Weirdness & Mutations

You are amphibious.
You cover ground slowly.
You can hop short distances.
You have an extended range of vision and can be seen from far away.
You are agile. (Dex +4, Str/Int -1)
Your natural rate of healing is unusually fast.
You are resistant to electric shocks. (rElec)
You expend magic power (3 MP) to strengthen your wands.


   Skills:
 - Level 4.0 Fighting
 + Level 7.1 Axes
 - Level 1.0 Throwing
 - Level 4.1 Armour
 - Level 2.6 Dodging


You had 6 spell levels left.
You didn't know any spells.
Your spell library was empty.

Inventory:

Hand Weapons
 i - a +0 flail
 Y - a +2 hand axe of protection (weapon)
Missiles
 j - 4 boomerangs (quivered)
Armour
 n - a +0 pair of boots (worn)
 r - a +0 chain mail (worn)
Jewellery
 a - a +6 ring of dexterity
 d - a ring of poison resistance
 e - a ring of poison resistance (left hand)
 l - a +4 ring of evasion (right hand)
 o - a ring of ice
Scrolls
 k - a scroll of identify
Potions
 f - a potion of curing
 g - a potion of might
 h - a potion of haste {unknown}
 m - a potion of brilliance {unknown}
 p - a potion of attraction {unknown}
 q - a potion of heal wounds
 t - a potion of invisibility {unknown}
Miscellaneous
 c - a piece from Xom's chessboard (15/15)

Dungeon Overview and Level Annotations

Branches:
Dungeon (7/15)             Temple (1/1) D:7

Altars:
Ashenzari
Kikubaaqudgha
Ru
Xom


Message History

You barely miss the quasit.
The quasit is almost dead.
You hit the iron imp but do no damage. You closely miss the white imp.
You closely miss the ice devil. You hit the quasit but do no damage.
You hit the crimson imp. The quasit bites you. The quasit closely misses you.
The quasit claws you but does no damage.
The quasit closely misses you. The quasit barely misses you.
The quasit claws you but does no damage.
The crimson imp blinks!
The ice devil hits you! The ice devil freezes you!!
The red devil hits you from afar with a +0 trident.
Barbed spikes become lodged in your body.
The quasit barely misses you. The quasit misses you.
The quasit closely misses you. The quasit barely misses you.
The quasit closely misses you.
The quasit claws you but does no damage.
The iron imp hits you but does no damage.
You miss the quasit.
The quasit is almost dead.
You hit the quasit. You closely miss the ice devil. You hit the quasit.
You hit the iron imp but do no damage. You barely miss the iron imp.
The shadow imp shouts, "Bolt, thou twisted elf-skinned hugger-mugger!"
The red devil hits you from afar with a +0 trident.
Barbed spikes become lodged in your body.
The ice devil misses you. The quasit misses you.
The quasit claws you but does no damage. x2
The quasit bites you but does no damage.
The quasit closely misses you. The quasit barely misses you.
The quasit bites you but does no damage.
The quasit claws you. The quasit barely misses you.
You slash the quasit!
You kill the quasit!
The quasit disappears in a puff of smoke!
You barely miss the quasit. You hit the ice devil but do no damage.
You barely miss the quasit. You hit the iron imp but do no damage.
You hit the iron imp. The shadow imp gestures at you.
Pain shoots through your body! The ice devil hits you.
The ice devil freezes you!!
You die...

#.....##+##.....##
#.._..#
#...............#####
#.....#
#....}...}....##...##
##...##
#..........5..#.....#
#####
+......<......'.....#
#.............#.....#
#....}...}...5##...##
#.............45#####
#.....##+##..45@#
....## ###5555# ...#
##.555. ..# ##......
.. #........
##........ ##......
###... ###


You could see an ice devil (summoned), a red devil (summoned), 2 iron imps, 3
quasits, 2 crimson imps, 2 white imps, a shadow imp (summoned) and an ufetubus
(summoned).

Vanquished Creatures
  A black bear (D:5)
  A necrophage (D:5)
  A scorpion (D:4)
  An iguana (D:5)
  An orc wizard (D:5)
  3 gnolls (D:3)
  6 adders
  2 dart slugs
  2 worms (D:2)
  16 orcs
  2 bats
  8 endoplasms
  4 giant cockroaches
  8 goblins
  12 hobgoblins
  8 kobolds
  4 quokkas
  5 ball pythons
  2 frilled lizards (D:1)
  6 rats
93 creatures vanquished.

Notes
Turn   | Place    | Note
-------+----------+-------------------------------------------
     0 | D:1      | qw the Barachi Chaos Knight began the quest for the Orb.
     0 | D:1      | Reached XP level 1. HP: 18/18 MP: 1/1
     0 | D:1      | 0 ||| qw: Version: 0.1-a-103-gd6f5d3a
     0 | D:1      | 0 ||| qw: Game counter: 5498
     0 | D:1      | 0 ||| qw: Always use a shield: true
     0 | D:1      | 0 ||| qw: God list: Okawaru
     0 | D:1      | 0 ||| qw: Allow faded altars: false
     0 | D:1      | 0 ||| qw: Do Orc after D:15 true
     0 | D:1      | 0 ||| qw: Do second Lair branch before Depths: true
     0 | D:1      | 0 ||| qw: Lair rune preference: random
     0 | D:1      | 0 ||| qw: Plans: Normal
     0 | D:1      | 0 ||| PLANNING D:1-11
     0 | D:1      | Fell from the grace of Xom
    12 | D:1      | 12 ||| Stepping ~*~*~tactically~*~*~ (stealth).
    14 | D:1      | 14 ||| Stepping ~*~*~tactically~*~*~ (stealth).
    37 | D:1      | 37 ||| Stepping ~*~*~tactically~*~*~ (stealth).
    38 | D:1      | 38 ||| Stepping ~*~*~tactically~*~*~ (stealth).
   308 | D:1      | Reached XP level 2. HP: 20/24 MP: 2/2
   325 | D:1      | 325 ||| Stepping ~*~*~tactically~*~*~ (stealth).
   330 | D:1      | 330 ||| Stepping ~*~*~tactically~*~*~ (stealth).
   331 | D:1      | 331 ||| Stepping ~*~*~tactically~*~*~ (stealth).
   345 | D:1      | Reached skill level 4 in Axes
   542 | D:1      | 542 ||| Stepping ~*~*~tactically~*~*~ (hiding).
   603 | D:1      | XOM: torment (13/24 hp)
   748 | D:1      | 748 ||| Stepping ~*~*~tactically~*~*~ (stealth).
   752 | D:1      | 752 ||| Stepping ~*~*~tactically~*~*~ (stealth).
   770 | D:1      | 770 ||| Stepping ~*~*~tactically~*~*~ (stealth).
   879 | D:1      | Reached XP level 3. HP: 25/29 MP: 3/3
  1152 | D:1      | Reached skill level 1 in Throwing
  1240 | D:1      | 1240 ||| UPGRADING to +0 pair of boots.
  1245 | D:1      | 1245 ||| UPGRADING to ring of poison resistance.
  1246 | D:1      | 1246 ||| UPGRADING to +4 ring of evasion.
  1247 | D:1      | 1247 ||| READING 2 scrolls labelled NEBEUR LOTE.
  1248 | D:1      | 1248 ||| READING scroll labelled QIFAAP VAFRI.
  1249 | D:1      | 1249 ||| READING scroll labelled XIROTZIAPS.
  1250 | D:1      | 1250 ||| READING scroll labelled ONOGUI AJOLE.
  1255 | D:1      | 1255 ||| DRINKING 2 fuming ruby potions.
  1256 | D:1      | 1256 ||| DROPPING scroll of noise.
  1257 | D:1      | 1257 ||| DROPPING potion of magic.
  1441 | D:2      | 1441 ||| Stepping ~*~*~tactically~*~*~ (stealth).
  1442 | D:2      | 1442 ||| Stepping ~*~*~tactically~*~*~ (stealth).
  1446 | D:2      | 1446 ||| Stepping ~*~*~tactically~*~*~ (stealth).
  1450 | D:2      | 1450 ||| Stepping ~*~*~tactically~*~*~ (stealth).
  1532 | D:2      | 1532 ||| Stepping ~*~*~tactically~*~*~ (stealth).
  1533 | D:2      | 1533 ||| Stepping ~*~*~tactically~*~*~ (stealth).
  1535 | D:2      | 1535 ||| Stepping ~*~*~tactically~*~*~ (stealth).
  1681 | D:2      | XOM: summons 2 hostile shadow creatures
  1722 | D:2      | Reached skill level 5 in Axes
  1722 | D:2      | Reached XP level 4. HP: 36/36 MP: 4/4
  1738 | D:2      | Found a faded altar of an unknown god.
  1855 | D:2      | 1855 ||| Stepping ~*~*~tactically~*~*~ (stealth).
  1857 | D:2      | 1857 ||| Stepping ~*~*~tactically~*~*~ (stealth).
  1858 | D:2      | 1858 ||| Stepping ~*~*~tactically~*~*~ (stealth).
  1859 | D:2      | 1859 ||| Stepping ~*~*~tactically~*~*~ (stealth).
  1860 | D:2      | 1860 ||| Stepping ~*~*~tactically~*~*~ (stealth).
  1864 | D:2      | 1864 ||| Stepping ~*~*~tactically~*~*~ (stealth).
  1867 | D:2      | 1867 ||| Stepping ~*~*~tactically~*~*~ (stealth).
  1929 | D:2      | 1929 ||| UPGRADING to +0 ring mail.
  1939 | D:2      | 1939 ||| DROPPING +2 leather armour.
  2031 | D:3      | Found an ancient bone altar of Kikubaaqudgha.
  2111 | D:3      | 2111 ||| Stepping ~*~*~tactically~*~*~ (stealth).
  2112 | D:3      | 2112 ||| Stepping ~*~*~tactically~*~*~ (stealth).
  2113 | D:3      | 2113 ||| Stepping ~*~*~tactically~*~*~ (stealth).
  2114 | D:3      | 2114 ||| Stepping ~*~*~tactically~*~*~ (stealth).
  2115 | D:3      | 2115 ||| Stepping ~*~*~tactically~*~*~ (stealth).
  2143 | D:3      | 2143 ||| DROPPING +0 whip.
  2226 | D:3      | 2226 ||| Stepping ~*~*~tactically~*~*~ (hiding).
  2246 | D:3      | HP: 9/36 [gnoll/+0 spear (4)]
  2247 | D:3      | 2247 ||| READING scroll of teleportation.
  2275 | D:3      | HP: 7/36 [ball python (3)]
  2544 | D:3      | 2544 ||| Stepping ~*~*~tactically~*~*~ (hiding).
  2545 | D:3      | 2545 ||| Stepping ~*~*~tactically~*~*~ (hiding).
  2546 | D:3      | 2546 ||| Stepping ~*~*~tactically~*~*~ (hiding).
  2547 | D:3      | 2547 ||| Stepping ~*~*~tactically~*~*~ (hiding).
  2567 | D:3      | XOM: 2-stop teleportation journey
  2911 | D:3      | XOM: noise
  3050 | D:3      | XOM: summons 2 hostile shadow creatures
  3284 | D:3      | 3284 ||| READING scroll labelled LELOAFRU LYAPI.
  3285 | D:3      | 3285 ||| READING 2 scrolls of identify.
  3285 | D:3      | 3285 ||| IDENTIFYING fizzy ruby potion
  3286 | D:3      | 3286 ||| DROPPING potion of lignification.
  3389 | D:4      | 3389 ||| Stepping ~*~*~tactically~*~*~ (stealth).
  3394 | D:4      | XOM: noise
  3401 | D:4      | Reached XP level 5. HP: 40/41 MP: 5/5
  3406 | D:4      | Reached skill level 6 in Axes
  3413 | D:4      | 3413 ||| Stepping ~*~*~tactically~*~*~ (stealth).
  3416 | D:4      | 3416 ||| FLEEEEING.
  3422 | D:4      | 3422 ||| Stepping ~*~*~tactically~*~*~ (stealth).
  3426 | D:4      | 3426 ||| STAIRDANCE
  3498 | D:4      | 3498 ||| Stepping ~*~*~tactically~*~*~ (stealth).
  3506 | D:4      | 3506 ||| Stepping ~*~*~tactically~*~*~ (stealth).
  3588 | D:4      | 3588 ||| Stepping ~*~*~tactically~*~*~ (stealth).
  3589 | D:4      | 3589 ||| Stepping ~*~*~tactically~*~*~ (stealth).
  3631 | D:4      | 3631 ||| Stepping ~*~*~tactically~*~*~ (stealth).
  3633 | D:4      | 3633 ||| Stepping ~*~*~tactically~*~*~ (hiding).
  3649 | D:4      | 3649 ||| Stepping ~*~*~tactically~*~*~ (stealth).
  3723 | D:4      | 3723 ||| Stepping ~*~*~tactically~*~*~ (stealth).
  3786 | D:4      | 3786 ||| SWAPPING to +2 vorpal hand axe.
  3787 | D:4      | 3787 ||| DROPPING +0 hand axe of chaos.
  3852 | D:4      | 3852 ||| Stepping ~*~*~tactically~*~*~ (hiding).
  3853 | D:4      | 3853 ||| Stepping ~*~*~tactically~*~*~ (hiding).
  3854 | D:4      | 3854 ||| Stepping ~*~*~tactically~*~*~ (hiding).
  3855 | D:4      | 3855 ||| Stepping ~*~*~tactically~*~*~ (hiding).
  3921 | D:4      | 3921 ||| Stepping ~*~*~tactically~*~*~ (stealth).
  3951 | D:4      | XOM: give mutations
  3951 | D:4      | Gained mutation: You are agile. (Dex +4, Str/Int -1) [Xom's
                  | grace]
  3951 | D:4      | Gained mutation: Your natural rate of healing is unusually
                  | fast. [Xom's grace]
  3951 | D:4      | Gained mutation: You expend magic power (3 MP) to
                  | strengthen your wands. [Xom's grace]
  3951 | D:4      | Gained mutation: You are resistant to electric shocks.
                  | (rElec) [Xom's grace]
  4104 | D:4      | XOM: stat loss: -2 Str (13/15)
  4180 | D:4      | 4180 ||| UPGRADING to +0 chain mail.
  4190 | D:4      | 4190 ||| DROPPING +0 ring mail.
  4191 | D:4      | 4191 ||| DRINKING 2 viscous inky potions.
  4192 | D:4      | 4192 ||| READING 2 scrolls of identify.
  4192 | D:4      | 4192 ||| IDENTIFYING white potion
  4193 | D:4      | 4193 ||| DROPPING potion of berserk rage.
  4209 | D:5      | Entered Level 5 of the Dungeon
  4210 | D:5      | 4210 ||| PLANNING SEWER
  4233 | D:5      | Reached XP level 6. HP: 46/48 MP: 6/6
  4246 | D:5      | Noticed a black bear
  4254 | D:5      | Killed a black bear
  4256 | D:5      | 4256 ||| Stepping ~*~*~tactically~*~*~ (stealth).
  4269 | D:5      | 4269 ||| Stepping ~*~*~tactically~*~*~ (stealth).
  4289 | D:5      | 4289 ||| Stepping ~*~*~tactically~*~*~ (stealth).
  4290 | D:5      | 4290 ||| Stepping ~*~*~tactically~*~*~ (stealth).
  4292 | D:5      | 4292 ||| Stepping ~*~*~tactically~*~*~ (stealth).
  4293 | D:5      | 4293 ||| Stepping ~*~*~tactically~*~*~ (stealth).
  4298 | D:5      | 4298 ||| DRINKING 5 potions of curing.
  4298 | D:5      | 4298 ||| (to cure confusion)
  4307 | D:5      | 4307 ||| DRINKING 4 potions of curing.
  4307 | D:5      | 4307 ||| (to cure confusion)
  4312 | D:5      | 4312 ||| DRINKING 3 potions of curing.
  4312 | D:5      | 4312 ||| (to cure confusion)
  4317 | D:5      | 4317 ||| DRINKING 2 potions of curing.
  4317 | D:5      | 4317 ||| (to cure confusion)
  4393 | D:5      | Reached skill level 7 in Axes
  4396 | D:5      | Reached XP level 7. HP: 46/54 MP: 7/7
  4421 | D:5      | You fall into a shaft and drop 2 floors!
  4421 | D:7      | Found a staircase to the Ecumenical Temple.
  4422 | D:7      | 4422 ||| PLANNING TEMPLE
  4422 | D:7      | 4422 ||| READING scroll labelled OKABRE FEUCWOD.
  4423 | D:7      | 4423 ||| READING 2 scrolls of identify.
  4423 | D:7      | 4423 ||| IDENTIFYING bubbling brown potion
  4426 | Temple   | Entered the Ecumenical Temple
  4492 | Temple   | XOM: summons 14 hostile demons
  4493 | Temple   | Noticed a red devil
  4493 | Temple   | Noticed an ice devil
  4499 | Temple   | HP: 7/54 [shadow imp/nerve-wracking pain[Xom] (8)]
  4499 | Temple   | Mangled by an ice devil

Levels and vault maps discovered:
D:1:      spicycebolla_green_bress_n_ham, layout_loops_ring
D:2:      layout_rooms, hellmonk_ecumenical_altar_prayer_group
D:3:      layout_basic, mainiacjoe_overflow_tiny_flanked
D:4:      layout_cave_pools
D:5:      layout_cave_pools, mainiacjoe_overflow_small_starburst,
          portal_sewer_entry_b, uniq_grinder
D:7:      layout_loops_ring, bloody_makhleb, minmay_temple_entry_antechambers,
          minmay_fractal_squares_5
Temple:   minmay_temple_curvy_branch

Skill      XL: |  1  2  3  4  5  6 |
---------------+-------------------+-----
Axes           | 4 5 6 7 |  7.1
Throwing       | 1 |  1.0
Fighting       | 4 |  4.0
Dodging        | 2 |  2.6
Armour         | 4 |  4.1

Action                   |  1- 3 |  4- 6 |  7- 9 || total
-------------------------+-------+-------+-------++-------
Melee: Hand axe          |    91 |   154 |     7 ||   252
       Punch             |     2 |     3 |       ||     5
Throw: Javelin           |    25 |    44 |       ||    69
       Boomerang         |       |    10 |       ||    10
Invok: Renounce Religion |     1 |       |       ||     1
  Use: Scroll            |     4 |     4 |     2 ||    10
       Potion            |     1 |     5 |       ||     6
 Stab: Petrified         |       |     3 |       ||     3
Armor: Leather armour    |    26 |       |       ||    26
       Ring mail         |       |    21 |       ||    21
       Chain mail        |       |    24 |    20 ||    44
Dodge: Dodged            |    47 |    86 |    26 ||   159

Table legend:
 A = Non-vault XP
 B = Vault XP
 C = Vault XP percentage of total XP
 D = Non-vault monster count
 E = Vault monster count
 F = Vault count percentage of total count
                 A         B        C        D         E       F
            +---------+---------+-------+---------+---------+-------
      Total |     648 |       3 |   0.5 |      91 |       2 |   2.2
            +---------+---------+-------+---------+---------+-------
        D:1 |      41 |       0 |   0.0 |      23 |       0 |   0.0
        D:2 |      47 |       3 |   6.0 |      18 |       2 |  10.0
        D:3 |      63 |       0 |   0.0 |      13 |       0 |   0.0
        D:4 |     157 |       0 |   0.0 |      25 |       0 |   0.0
        D:5 |     340 |       0 |   0.0 |      12 |       0 |   0.0
            +---------+---------+-------+---------+---------+-------
